 Dungeon Crawl Stone Soup version 0.29.1-2-gbd0b4ee654 (webtiles) character file.

Game seed: 9563829399277340358

44865 croobank the Spry (level 13, 0/67 HPs)
             Began as a Felid Summoner on Nov 12, 2022.
             Was an Initiate of Gozag.
             Killed by an exploding ogre (15 damage)
             ... ignited by their inner flame
             ... on level 13 of the Dungeon.
             The game lasted 02:50:09 (35894 turns).

croobank the Spry (Felid Summoner)                 Turns: 35894, Time: 02:50:10

Health: 0/67       AC:  3    Str: 11    XL:     13   Next: 98%
Magic:  11/28      EV: 30    Int: 27    God:    Gozag
Gold:   469        SH:  0    Dex: 17    Spells: 3/33 levels left
                                        Lives:  0   Deaths: 4

rFire   + . .      SeeInvis +   (weapon unavailable)
rCold   + + .      Faith    .   (shield unavailable)
rNeg    . . .      Spirit   .   (body armour unavailable)
rPois   +          Reflect  .   (helmet unavailable)
rElec   .          Harm     .   (cloak unavailable)
rCorr   .          Rampage  .   (gloves unavailable)
Will    +....                   (boots unavailable)
Stlth   +++.......              E - amulet of magic regeneration
HPRegen 0.21/turn               C - ring of Summertime {*Corrode rPois rF+ rC+ Str+7}
MPRegen 0.61/turn               A - +6 ring of intelligence

@: gold aura, quick
A: very small, claws 1, fangs 3, see invisible, speed 1, shaggy fur 3, stealthy
paws, no weapons or thrown items, no armour, multi-lived
a: Renounce Religion, Potion Petition, Call Merchant, Bribe Branch


You were on level 13 of the Dungeon.
You worshipped Gozag.
Gozag was aware of your devotion.
You visited 5 branches of the dungeon, and saw 22 of its levels.

You collected 7177 gold pieces.
You spent 2606 gold pieces at shops.
You paid 4102 gold pieces to Gozag.

Inventory:

Jewellery
 a - a ring of ice
 f - a +4 ring of protection
 q - a ring of willpower
 v - a ring of protection from cold
 w - the ring of Dim Light {Wiz Str+6}
   (You found it on level 12 of the Dungeon)

   [ring of wizardry]

   It improves your spell success rate.
   Str:       It affects your strength (+6).
 y - an amulet of reflection
 A - a +6 ring of intelligence (right paw)
 C - the ring of Summertime (left paw) {*Corrode rPois rF+ rC+ Str+7}
   (You acquired it on level 1 of the Orcish Mines)

   [ring of protection from fire]

   Str:       It affects your strength (+7).
   rF:        It protects you from fire.
   rC:        It protects you from cold.
   rPois:     It protects you from poison.
   *Corrode:  It may corrode you when you take damage.
 E - an amulet of magic regeneration (around neck)
 H - a ring of poison resistance
 J - a ring of wizardry
Wands
 c - a wand of roots (4)
 d - a wand of paralysis (18)
 m - a wand of polymorph (22)
 u - a wand of flame (23)
 B - a wand of mindburst (3)
 F - a wand of acid (2)
Scrolls
 b - 6 scrolls of teleportation
 i - 4 scrolls of poison
 j - 9 scrolls of identify
 l - a scroll of immolation
 x - 3 scrolls of vulnerability
 I - a scroll of amnesia
 K - a scroll of fog
Potions
 e - 4 potions of heal wounds
 g - 6 potions of mutation
 h - 4 potions of flight
 k - 4 potions of might
 n - a potion of cancellation
 o - 3 potions of attraction
 p - 2 potions of berserk rage
 r - 7 potions of curing
 s - a potion of lignification
 t - 3 potions of brilliance
 z - a potion of ambrosia
 D - 4 potions of haste


   Skills:
 + Level 13.9 Fighting
 + Level 18.2 Dodging
 - Level 4.7 Stealth
 + Level 10.6 Spellcasting
 - Level 5.0 Hexes
 + Level 10.9 Summonings
 - Level 5.0 Translocations
 + Level 3.2 Transmutations
 - Level 3.0 Fire Magic
 + Level 7.6 Air Magic


You had 3 spell levels left.
You knew the following spells:

 Your Spells              Type           Power      Damage    Failure   Level
a - Summon Small Mammal   Summ           100%       N/A       1%          1
b - Call Imp              Summ           65%        N/A       1%          2
c - Call Canine Familiar  Summ           65%        N/A       1%          3
d - Summon Guardian Gole  Hex/Summ       55%        N/A       1%          3
e - Summon Lightning Spi  Summ/Air       59%        N/A       1%          4
f - Summon Cactus Giant   Summ           32%        N/A       7%          6
g - Inner Flame           Hex/Fire       36%        N/A       2%          3
h - Apportation           Tloc           82%        N/A       1%          1
i - Ensorcelled Hibernat  Hex/Ice        54%        N/A       2%          2
j - Yara's Violent Unrav  Hex/Tmut       18%        3d9       21%         5

Your spell library contained the following spells:

 Spells                   Type           Power      Damage    Failure   Level
 Scorch                   Fire           60%        2d8       1%          2
 Gell's Gravitas          Tloc           41%        N/A       1%          3
 Lesser Beckoning         Tloc           41%        N/A       1%          3
 Teleport Other           Tloc           41%        N/A       1%          3
 Tukima's Dance           Hex            41%        N/A       1%          3
 Necrotise                Necr           56%        1d6       4%          1
 Spider Form              Tmut/Pois      23%        N/A       6%          3
 Cause Fear               Hex            20%        N/A       4%          4
 Passage of Golubria      Tloc           41%        N/A       4%          4
 Anguish                  Hex/Necr       13%        N/A       14%         4
 Flame Wave               Conj/Fire      22%        2d8       22%         4
 Irradiate                Conj/Tmut      11%        3d15      50%         5
 Borgnjor's Vile Clutch   Necr/Erth      7%         N/A       73%         5
 Storm Form               Tmut/Air       21%        N/A       98%         7
 Death Channel            Necr           7%         N/A       99%         6
 Discord                  Hex            20%        N/A       100%        8
 Animate Armour           Summ/Erth      Unusable   N/A       N/A         4
 Animate Dead             Necr           Unusable   N/A       N/A         4

Dungeon Overview and Level Annotations

Branches:
Dungeon (13/15)            Temple (0/1) D:4            Lair (5/5) D:9
 Shoals (0/4) Lair:3       Spider (1/4) Lair:2        Slime (0/5) Lair:5
    Orc (2/2) D:11            Elf (1/3) Orc:2
 Vaults: D:13-14

Altars:
Gozag
Hepliaklqana
Kikubaaqudgha
Makhleb
Okawaru
Qazlal
Ru
Uskayaw
Vehumet
Wu Jian
Xom
Yredelemnul
Zin
The Shining One
Jiyva

Shops:
D:2 :   D:4 *   Orc:2 !![**(:!   Lair:4 *:   Spider:1 *

Annotations:
Lair:4 3 runed translucent doors, ERAB's ghost, journeyman GrFi


Innate Abilities, Weirdness & Mutations

You have sharp claws.
You have razor-sharp teeth.
You have supernaturally acute eyesight. (SInv)
You cover ground quickly. (Speed+)
Your thick and shaggy fur keeps you warm. (AC +3, rC+)
Your paws help you pounce on unaware monsters.
You are incapable of wielding weapons or throwing items.
You cannot wear armour.
You gain extra lives every three experience levels.


Message History

Attack!
The centaur warrior skeleton hits your wolf!
The centaur warrior skeleton kicks your wolf.
Your wolf dies!
Your wolf's corpse disappears in a puff of smoke!
An ogre comes into view. It is wielding a +0 giant spiked club.
What are your orders? t - Meow!
Orders for allies: a - Attack new target. p - Attack previous target. r - Retreat! s - Stop attacking. g - Guard the area. f - Follow me.
Anything else - Cancel.
Gang up on whom?
Press: ? - help, Dir - move target, f/p - ogre
Aim: an ogre, wielding a +0 giant club (grey smoke, inner flame) Attack!
A two-headed ogre comes into view.
It is wielding a +0 giant club and a +0 giant spiked club.
Casting: Inner Flame (dangerous; 2% risk of failure)
Confirm with . or Enter, or press ? or * to list all spells.
An electric hum fills the air.
The ogre shouts!
You hear a shout!
The deep elf zephyrmancer casts a spell at you.
The bolt of lightning hits the ogre!
Flame seeps out of the ogre.
The bolt of lightning hits you!!
Ouch! That really hurt!
* * * LOW HITPOINT WARNING * * *
The bolt of lightning misses you.
The ogre is engulfed in blazing flames.
Flame seeps out of the ogre.
Your lightning spire shoots out a bolt of lightning at the ogre!
The bolt of electricity hits the ogre!!
The bolt of electricity hits the centaur warrior skeleton!
The centaur warrior skeleton is destroyed!
The bolt of electricity hits the two-headed ogre.
The ogre explodes!
The fiery explosion engulfs your lightning spire.
Your lightning spire resists.
Your lightning spire is lightly damaged.
The fiery explosion engulfs you! You resist.
You die...
Your body crumbles into a pile of gold.

......)...$....
####$#.§#.#####
. #....OO....# .
#..##.#..#.##..#
##. #.#.e#.# .#
#.. $ .##..# . #
#.# .. #§○# ..
#.# ### #§§#####
#.###.# #8@$.#
#...... ####$#
#####.#
#.############.#
#.##...<)......#
#....###########
######


You could see a two-headed ogre, a deep elf zephyrmancer (inner flame), an ogre
and a friendly lightning spire (summoned).

Vanquished Creatures
  Jorgrun (Spider:1)
  A hydra (Lair:4)
  3 orc high priests
  A deep elf knight (Elf:1)
  Amaemon (Lair:2)
  3 deep elf archers (Elf:1)
  A deep elf pyromancer (Elf:1)
  2 orc knights
  A deep elf zephyrmancer (Elf:1)
  5 orc sorcerers
  An ugly thing (D:11)
  3 oklob plants (Lair:5)
  An unseen horror (D:10)
  An orange demon (Lair:2)
  A rime drake (Lair:2)
  5 cane toads
  Maggie (D:9)
  A hornet (Lair:5)
  2 polar bears (Lair:5)
  2 trolls (D:12)
  A blink frog (Lair:4)
  A spriggan (Lair:5)
  16 yaks
  A culicivora (Spider:1)
  A basilisk (Lair:5)
  A vampire mosquito (D:11)
  A warg (Orc:1)
  2 water moccasins (Lair:5)
  4 orc warriors
  A black bear (Lair:5)
  An ogre (Orc:1)
  2 boggarts (Lair:5)
  5 wolves (Lair:5)
  7 centaurs
  A howler monkey (D:12)
  4 electric eels
  4 orc priests
  2 hounds
  5 orc wizards
  18 orcs
  2 endoplasms
  2 giant cockroaches
  A quokka (D:5)
  A bat (D:3)
  A rat (D:2)
122 creatures vanquished.

Vanquished Creatures (collateral kills)
  An entropy weaver (Lair:2)
  Fannar (D:12)
  2 hydras
  A catoblepas (Lair:4)
  2 two-headed ogres
  An orc high priest (Orc:2)
  2 dancing weapons (Elf:1)
  A deep elf knight (Elf:1)
  Nergalle (Lair:2)
  A deep elf archer (Elf:1)
  5 deep elf zephyrmancers (Elf:1)
  3 orc knights
  2 deep elf pyromancers (Elf:1)
  2 wolf spiders (Spider:1)
  An oklob plant (Lair:5)
  An ugly thing (D:12)
  2 orc sorcerers
  5 elephants
  4 black mambas
  A torpor snail (Lair:1)
  5 cane toads
  3 centaur skeletons (D:13)
  2 rime drakes
  2 gargoyles
  2 ice devils (Lair:3)
  11 komodo dragons
  3 polar bears (Lair:5)
  5 trolls
  13 blink frogs
  A hornet (Lair:5)
  Prince Ribbit (D:9)
  2 tarantellas (Spider:1)
  3 dream sheep (Lair:5)
  A culicivora (Spider:1)
  2 jumping spiders (Lair:2)
  A vampire (D:12)
  10 spriggans (Lair:5)
  2 shadows
  A basilisk (Lair:4)
  31 yaks
  A wyvern (Lair:2)
  7 redbacks (Spider:1)
  2 vampire mosquitoes
  10 water moccasins
  2 acid dragons
  Duvessa (D:5)
  2 ice beasts (D:7)
  2 black bears (Lair:5)
  10 orc warriors
  22 wolves
  6 ogres
  3 boggarts (Lair:5)
  5 centaurs
  A phantom (D:4)
  Blork the orc (D:6)
  14 bullfrogs
  3 necrophages
  3 scorpions
  Dowan (D:5)
  2 howler monkeys (D:7)
  A jelly (D:6)
  6 orc priests
  A gnoll bouda (D:9)
  3 hounds
  Ijyb (D:3)
  6 iguanas
  15 orc wizards
  2 nameless horrors
  5 gnolls (D:9)
  7 adders
  A shadow imp (D:6)
  3 white imps
  4 worms
  3 dart slugs
  48 orcs
  4 bats
  4 endoplasms
  2 giant cockroaches (D:2)
  9 goblins
  3 hobgoblins
  2 jackals (D:5)
  2 quokkas
  4 ball pythons
  3 frilled lizards
  5 kobolds
  2 rats
384 creatures vanquished.

Vanquished Creatures (others)
  A hydra (Lair:4)
  An ice dragon (Lair:5)
  An orc knight (Orc:1)
  A manticore (D:9)
  A black mamba (Lair:1)
  3 elephants
  A cane toad (Lair:1)
  A komodo dragon (Lair:1)
  A blink frog (Lair:4)
  A jumping spider (Spider:1)
  A wyvern (D:8)
  A spriggan (Lair:5)
  11 yaks
  2 steam dragons
  2 orc warriors
  An ogre (Orc:1)
  3 centaurs
  A bullfrog (Lair:4)
  2 orc priests (D:7)
  An iguana (D:5)
  2 orc wizards
  4 orcs
  35 fungi
  105 plants
183 creatures vanquished.

Grand Total: 689 creatures vanquished

Notes
Turn   | Place    | Note
-------+----------+-------------------------------------------
     0 | D:1      | croobank the Felid Summoner began the quest for the Orb.
     0 | D:1      | Reached XP level 1. HP: 7/7 MP: 4/4
   416 | D:1      | Reached skill level 3 in Dodging
   416 | D:1      | Reached XP level 2. HP: 11/11 MP: 4/6
   419 | D:1      | Learned a level 2 spell: Call Imp
   990 | D:2      | Reached XP level 3. HP: 14/14 MP: 0/7
   994 | D:2      | Learned a level 3 spell: Call Canine Familiar
  1246 | D:2      | Found Merovesm's Book Shop.
  1453 | D:2      | Found a faded altar of an unknown god.
  1553 | D:2      | Found an opulent altar of Gozag.
  1561 | D:2      | Became a worshipper of Gozag Ym Sagoz the Greedy
  1939 | D:3      | Reached XP level 4. HP: 18/18 MP: 2/8
  2566 | D:3      | You fall into a shaft and drop 2 floors!
  2566 | D:5      | Entered Level 5 of the Dungeon
  2743 | D:4      | Noticed an ogre
  2752 | D:4      | Killed an ogre
  2753 | D:4      | Reached skill level 4 in Dodging
  2753 | D:4      | Reached XP level 5. HP: 7/21 MP: 2/10
  2965 | D:4      | Found a staircase to the Ecumenical Temple.
  2972 | D:4      | Learned a level 3 spell: Summon Guardian Golem
  2998 | D:4      | Noticed a phantom
  3028 | D:4      | Found Tayxzean's General Store.
  3045 | D:4      | Bought a scroll of immolation for 48 gold pieces
  3372 | D:4      | Reached skill level 5 in Summonings
  3439 | D:3      | Found a glowing golden altar of the Shining One.
  3595 | D:3      | Noticed Ijyb
  3611 | D:3      | Killed Ijyb
  3612 | D:3      | Reached skill level 1 in Hexes
  3612 | D:3      | Gained mutation: You are covered in thick fur. (AC +2)
                  | [Felid growth]
  3612 | D:3      | Reached XP level 6. HP: 22/25 MP: 1/11
  4350 | D:3      | Found a shimmering altar of Xom.
  4586 | D:4      | Reached skill level 1 in Fighting
  4703 | D:4      | Reached skill level 5 in Dodging
  5013 | D:5      | Reached XP level 7. HP: 29/29 MP: 9/13
  5039 | D:5      | Learned a level 4 spell: Summon Lightning Spire
  5215 | D:5      | Found a sacrificial altar of Ru.
  5216 | D:5      | Noticed Duvessa
  5222 | D:5      | Noticed Dowan
  5247 | D:5      | Killed Dowan
  5250 | D:5      | Killed Duvessa
  5340 | D:5      | Found a burning altar of Makhleb.
  5469 | D:5      | Reached skill level 1 in Air Magic
  5938 | D:5      | Reached skill level 6 in Dodging
  6276 | D:6      | Noticed a steam dragon
  6316 | D:5      | Reached XP level 8. HP: 28/34 MP: 3/15
  7104 | D:6      | HP: 1/34 [steam dragon/ball of steam (16)]
  7284 | D:5      | Noticed a nameless horror
  7348 | D:5      | Slain by a nameless horror
  7349 | D:5      | Reached XP level 7. HP: -1/31 MP: 0/14
  7386 | D:5      | Killed a nameless horror
  8071 | D:6      | Reached skill level 5 in Hexes
  8587 | D:6      | Noticed Blork the orc
  8601 | D:6      | Killed Blork the orc
  8602 | D:6      | Reached XP level 8. HP: 35/35 MP: 9/16
  8726 | D:6      | Found an ornate altar of the Wu Jian Council.
  8793 | D:7      | Reached skill level 7 in Dodging
  9040 | D:7      | Reached skill level 5 in Spellcasting
  9883 | D:8      | Killed by an exploding themself... ignited by their inner
                  | flame
  9884 | D:8      | Reached XP level 7. HP: -4/33 MP: 1/15
  9884 | D:8      | Reached XP level 8. HP: 36/36 MP: 15/17
  9903 | D:8      | Found an iron altar of Okawaru.
  9920 | D:8      | Reached skill level 8 in Dodging
  9953 | D:8      | Reached skill level 5 in Fighting
 10539 | D:9      | Noticed a manticore
 10552 | D:9      | Killed a manticore
 10553 | D:9      | Reached XP level 9. HP: 35/40 MP: 6/19
 10572 | D:9      | Noticed Prince Ribbit
 10583 | D:9      | Killed Prince Ribbit
 10628 | D:9      | Reached skill level 9 in Dodging
 10920 | D:8      | Found a stormy altar of Qazlal.
 10920 | D:8      | Found a radiant altar of Vehumet.
 11139 | D:8      | Learned a level 2 spell: Ensorcelled Hibernation
 11538 | D:9      | Found a staircase to the Lair.
 11552 | D:9      | Learned a level 3 spell: Inner Flame
 11555 | D:9      | Noticed Maggie
 11562 | D:9      | Killed Maggie
 11580 | D:9      | Reached skill level 5 in Air Magic
 11588 | D:9      | Reached skill level 1 in Fire Magic
 11591 | D:9      | Reached XP level 10. HP: 45/45 MP: 2/20
 11841 | D:9      | Found a glowing silver altar of Zin.
 12299 | D:10     | Entered Level 10 of the Dungeon
 12743 | Lair:1   | Entered Level 1 of the Lair of Beasts
 12743 | Lair:1   | Noticed an elephant
 12743 | Lair:1   | Noticed an elephant
 12743 | Lair:1   | Noticed an elephant
 12767 | D:9      | Killed an elephant
 12904 | Lair:1   | Killed by an exploding themself... ignited by their inner
                  | flame
 12905 | Lair:1   | Reached XP level 9. HP: -15/42 MP: 6/20
 12905 | Lair:1   | Noticed a torpor snail
 12914 | Lair:1   | Noticed a komodo dragon
 12916 | Lair:1   | Killed a torpor snail
 12921 | Lair:1   | Reached skill level 10 in Dodging
 12922 | Lair:1   | Killed a komodo dragon
 13033 | Lair:1   | Noticed a komodo dragon
 13056 | Lair:1   | Killed a komodo dragon
 13378 | Lair:1   | Noticed a cane toad
 13399 | Lair:1   | Noticed a komodo dragon
 13401 | Lair:1   | Killed a cane toad
 13402 | Lair:1   | Reached XP level 10. HP: 21/46 MP: 13/21
 13437 | Lair:1   | Killed an elephant
 13453 | Lair:1   | Killed an elephant
 13856 | Lair:1   | You fall into a shaft and drop 1 floor!
 13860 | Lair:2   | Noticed a cane toad
 13958 | Lair:1   | Noticed a black mamba
 13984 | Lair:1   | Killed a black mamba
 14688 | Lair:2   | Noticed a cane toad
 14698 | Lair:2   | Killed a cane toad
 14947 | Lair:2   | Found a hole to the Spider Nest.
 15008 | Lair:2   | Noticed Nergalle
 15024 | Lair:2   | Killed a cane toad
 15074 | Lair:2   | Killed Nergalle
 15075 | Lair:2   | Reached skill level 11 in Dodging
 15075 | Lair:2   | Reached XP level 11. HP: 5/50 MP: 16/23
 15543 | Lair:2   | Noticed a four-headed hydra
 15554 | Lair:2   | Killed a four-headed hydra
 15569 | Lair:2   | Noticed Amaemon
 15594 | Lair:2   | Killed Amaemon
 16794 | Lair:3   | Found a radiant altar of Vehumet.
 16799 | Lair:3   | Reached skill level 12 in Dodging
 16874 | Lair:3   | Reached skill level 10 in Summonings
 17064 | Lair:3   | Identified the +0 robe of Magic {Fly Will- MP+9 Str-4}
 17553 | Lair:3   | Gained mutation: Your thick and shaggy fur keeps you warm.
                  | (AC +3, rC+) [Felid growth]
 17553 | Lair:3   | Reached XP level 12. HP: 51/56 MP: 4/25
 17927 | Lair:3   | Found a staircase to the Shoals.
 18557 | Lair:3   | Reached skill level 13 in Dodging
 18869 | Lair:4   | Noticed a six-headed hydra
 18881 | Lair:4   | Killed a six-headed hydra
 18886 | Lair:4   | Noticed a six-headed hydra
 18927 | Lair:4   | Killed a six-headed hydra
 19414 | Lair:4   | Noticed an eight-headed hydra
 19419 | Lair:4   | Killed an eight-headed hydra
 19578 | Lair:4   | Found a runed translucent gate.
 19578 | Lair:4   | Found a runed translucent gate.
 19579 | Lair:4   | Found a runed translucent gate.
 19581 | Lair:4   | Noticed ERAB's ghost (journeyman GrFi)
 19699 | Lair:4   | Reached skill level 10 in Fighting
 20076 | Lair:4   | Bought a thin silver amulet for 150 gold pieces
 20076 | Lair:4   | Bought 3 scrolls of identify for 180 gold pieces
 20076 | Lair:4   | Bought a scroll of identify for 60 gold pieces
 20076 | Lair:4   | Bought a potion of heal wounds for 150 gold pieces
 20209 | Lair:4   | Noticed a catoblepas
 20221 | Lair:4   | Killed a catoblepas
 20222 | Lair:4   | Reached skill level 10 in Spellcasting
 20269 | Lair:4   | Reached skill level 14 in Dodging
 20995 | Lair:5   | Entered Level 5 of the Lair of Beasts
 20998 | Lair:5   | Found a viscous altar of Jiyva.
 21058 | Lair:5   | Reached XP level 13. HP: 46/63 MP: 23/28
 21101 | Lair:5   | Noticed a dire elephant
 21297 | Lair:5   | Reached skill level 15 in Dodging
 22474 | Lair:5   | Reached skill level 16 in Dodging
 23795 | Lair:5   | Found a staircase to the Slime Pits.
 24932 | D:10     | Found a basalt altar of Yredelemnul.
 24935 | D:10     | Learned a level 1 spell: Apportation
 24973 | D:10     | Found a hazy altar of Hepliaklqana.
 25222 | D:10     | Found a hide-covered altar of Uskayaw.
 25231 | D:10     | Found an ancient bone altar of Kikubaaqudgha.
 25863 | D:11     | Found a staircase to the Orcish Mines.
 26845 | D:11     | Reached skill level 17 in Dodging
 27235 | D:12     | Noticed Fannar
 27256 | D:12     | Killed Fannar
 28483 | Orc:1    | Entered Level 1 of the Orcish Mines
 28727 | Orc:1    | Reached XP level 14. HP: 70/70 MP: 21/29
 29399 | Orc:2    | Entered Level 2 of the Orcish Mines
 29730 | Orc:2    | Found Saexzur's Distillery.
 30148 | Orc:1    | Identified 3 scrolls of acquirement
 30149 | Orc:1    | Acquired 785 gold pieces
 30150 | Orc:1    | Acquired the ring of Summertime {*Corrode rPois rF+ rC+
                  | Str+7}
 30152 | Orc:1    | Acquired a book of Scorching
 30161 | Orc:1    | Learned a level 6 spell: Summon Cactus Giant
 30642 | Orc:2    | Reached skill level 1 in Translocations
 30667 | Orc:2    | Bought a potion of heal wounds for 80 gold pieces
 30667 | Orc:2    | Bought a potion of haste for 160 gold pieces
 31305 | Orc:2    | Found a staircase to the Elven Halls.
 31659 | Orc:2    | Found Qacorev's Weapon Boutique.
 31690 | Orc:2    | Found Lolumil's Distillery.
 31760 | Orc:2    | Found Wuinivoc's Book Emporium.
 31798 | Orc:2    | Bought the Almanac of the Mountains and Metamorphosis for
                  | 646 gold pieces
 31845 | Orc:2    | Bought a potion of berserk rage for 90 gold pieces
 31845 | Orc:2    | Bought 2 potions of haste for 360 gold pieces
 33218 | Orc:2    | Found Qoenguerch's Assorted Antiques.
 33218 | Orc:2    | Found Vuug's Distillery.
 33221 | Orc:2    | Found Bogecal's Assorted Antiques.
 33221 | Orc:2    | Found Gioh's Armour Shoppe.
 33227 | Orc:2    | Bought a scroll labelled JECOHONIHA for 37 gold pieces
 33227 | Orc:2    | Bought a scroll of blinking for 277 gold pieces
 33237 | Orc:2    | Bought a potion of haste for 120 gold pieces
 33237 | Orc:2    | Bought 2 potions of heal wounds for 120 gold pieces
 33369 | Orc:2    | Learned a level 5 spell: Yara's Violent Unravelling
 33397 | Elf:1    | Entered Level 1 of the Elven Halls
 33654 | Elf:1    | Reached skill level 1 in Transmutations
 34081 | Elf:1    | Reached skill level 18 in Dodging
 34470 | Spider:1 | Entered Level 1 of the Spider Nest
 34490 | Spider:1 | Reached skill level 5 in Translocations
 34490 | Spider:1 | Noticed an emperor scorpion
 34494 | Spider:1 | Noticed a ghost moth
 34500 | Spider:1 | Bought a potion of invisibility for 128 gold pieces
 34517 | Spider:1 | Noticed Jorgrun
 34537 | Spider:1 | Constricted to death by Jorgrun
 34538 | Spider:1 | Reached XP level 13. HP: -4/67 MP: 27/28
 34561 | Spider:1 | Noticed a broodmother
 34562 | Spider:1 | HP: 2/67 [constriction (10)]
 34563 | Spider:1 | Killed Jorgrun
 34567 | Spider:1 | Noticed an emperor scorpion
 34573 | Spider:1 | Noticed a ghost moth
 34582 | Spider:1 | HP: 3/62 [pharaoh ant (12)]
 35457 | D:12     | Identified the ring of Dim Light {Wiz Str+6}
 35894 | D:13     | Killed by an exploding ogre... ignited by their inner flame

Illustrated notes

Levels and vault maps discovered:
D:1:      dpeg_arrival_simpleton_c, layout_loops_ring
D:2:      layout_basic, serial_shops, nicolae_shop_crystal,
          ebering_ecumenical_altar_mist, basic_altar
D:3:      layout_basic, tso_altar, tgw_xom, minmay_three_crescents, uniq_ijyb
D:4:      layout_rooms, minmay_temple_entry_overgrown, serial_shops, shop,
          minmay_crystal_room
D:5:      layout_basic, makhleb_heckhound_becter,
          mainiacjoe_overflow_concentric_impassable, uniq_duvessa
D:6:      layout_loops_cross, nicolae_wu_jian_glorious_leap, uniq_blork_the_orc
D:7:      layout_basic
D:8:      layout_basic, lemuel_doored_altar, gammafunk_temple_overflow_statue
D:9:      layout_rooms, mainiacjoe_overflow_alcove_2, lair_entry_dummy,
          uniq_maggie, uniq_prince_ribbit1
D:10:     layout_cave_pools, nzn_hepliaklqana_mist_gate,
          mainiacjoe_overflow_swirl, mainiacjoe_overflow_paths,
          nrook_pool_corridor
D:11:     layout_roguey, hiddenorc1_lemuel
D:12:     layout_roguey, st_stairs_1, kennysheep_generic_room_3, uniq_fannar
D:13:     gammafunk_beogh_shrine, layout_loops_ring,
          hangedman_vaults_entry_quadrant_bands, hex_tiny, grunt_ministairs_13,
          nicolae_dithmenos_through_a_glass_darkly
Lair:1:   layout_misc_corridors, serial_bayou_lagoon_b
Lair:2:   layout_chaotic_city, spider_nest_entry_rubble, beast_lair_carwin_5,
          uniq_nergalle, uniq_amaemon
Lair:3:   layout_chaotic_city, minmay_shoals_entry_centaurs, serial_forest,
          infiniplex_forest_diagonal, infiniplex_forest_lined_room_,
          infiniplex_forest_lined_3, infiniplex_forest_lined_2,
          infiniplex_forest_zigzag_2, infiniplex_forest_zigzag_1,
          infiniplex_forest_clump_small, infiniplex_forest_clump_double,
          infiniplex_forest_clump_long, basic_altar,
          portal_ice_cave_demonic_guard, wad_woods_road_03
Lair:4:   layout_cave_pods, ebering_ghost_rock_garden, serial_bayou_shore_a
Lair:5:   minmay_lair_end_enchanted_forest, layout_hall_layers,
          minmay_slime_entry_oklob_open, bobbens_ice_dragon_lair,
          grunt_megastairs_3
Spider:1: nicolae_spider_corner, uniq_jorgrun
Orc:1:    layout_diamond_mine, serial_shops
Orc:2:    grunt_orc_tribal_feast, layout_caves, serial_shops, shop,
          nicolae_shop_bloodbath_and_beyond, nicolae_shop_hallway_plus,
          nicolae_shop_stone
Elf:1:    layout_loops_corners, hangedman_corner_corridor, drop_trap,
          minmay_misc_feat_diagonals

Skill      XL: |  1  2  3  4  5  6  7  8  9 10 11 12 13 14 |
---------------+-------------------------------------------+-----
Stealth        | 3 4 |  4.7
Dodging        | 3 4 5 6 8 10 11 12 14 17 18 | 18.2
Spellcasting   | 3 4 6 7 8 10 | 10.6
Summonings     | 5 6 7 8 9 10 | 10.9
Hexes          | 1 2 5 |  5.0
Fighting       | 1 2 5 6 7 8 10 13 | 13.9
Air Magic      | 1 4 5 6 7 |  7.6
Fire Magic     | 3 2 |  3.0
Translocations | 5 |  5.0
Transmutations | 3 2 |  3.2

Action                   |  1- 3 |  4- 6 |  7- 9 | 10-12 | 13-15 || total
-------------------------+-------+-------+-------+-------+-------++-------
Melee: Unarmed           |     8 |    15 |    46 |    12 |    45 ||   126
       Bite              |     2 |     1 |     5 |     2 |     2 ||    12
 Cast: Summon Small Mamm |    43 |    40 |    59 |    20 |    20 ||   182
       Call Imp          |     6 |    17 |    38 |    26 |    18 ||   105
       Call Canine Famil |     7 |    24 |    54 |    51 |    68 ||   204
       Summon Guardian G |       |     1 |    32 |    21 |    24 ||    78
       Summon Lightning  |       |       |    14 |    73 |   109 ||   196
       Inner Flame       |       |       |     5 |    32 |   107 ||   144
       Ensorcelled Hiber |       |       |     1 |       |     4 ||     5
       Summon Cactus Gia |       |       |       |       |    21 ||    21
       Apportation       |       |       |       |       |     5 ||     5
Invok: Call Merchant     |       |       |       |     2 |     1 ||     3
       Potion Petition   |       |       |       |       |     5 ||     5
Evoke: Wand              |       |       |     8 |     7 |     5 ||    20
  Use: Scroll            |       |    14 |     9 |     9 |    14 ||    46
       Potion            |       |       |     4 |     2 |    13 ||    19
 Stab: Sleeping          |     1 |     3 |     4 |       |       ||     8
       Distracted        |       |       |     1 |       |     3 ||     4
Armor: Skin              |       |     2 |    22 |     7 |    10 ||    41
Dodge: Dodged            |     9 |    27 |   120 |   137 |   326 ||   619
Block: Other             |       |       |     4 |    27 |       ||    31
       Reflection        |       |       |       |     1 |       ||     1
